 Dungeon Crawl Stone Soup version 0.30-a0-12-gd8047c6341 (webtiles) character file.

Game seed: 8390185615370223413

1065 SensoryNuts the Cleaver (level 8, -1/68 HPs)
             Began as a Hill Orc Fighter on Aug 24, 2022.
             Slain by an orc warrior
             ... wielding a +0 battleaxe
              (10 damage)
             ... on level 6 of the Dungeon.
             The game lasted 00:08:01 (5936 turns).

SensoryNuts the Cleaver (Hill Orc Fighter)          Turns: 5936, Time: 00:08:01

Health: -1/68      AC: 14    Str: 19    XL:     8   Next: 27%
Magic:  8/8        EV:  5    Int:  8    God:
Gold:   52         SH:  5    Dex: 12    Spells: 7/7 levels left

rFire   . . .      SeeInvis .    u - +2 war axe (flame)
rCold   . . .      Faith    .    c - +0 buckler
rNeg    . . .      Spirit   .    l - +1 plate armour
rPois   .          Reflect  .    (no helmet)
rElec   .          Harm     .    r - +0 cloak
rCorr   .          Rampage  .    (no gloves)
Will    .....                    (no boots)
Stlth   ..........               (no amulet)
HPRegen 0.21/turn                (no ring)
MPRegen 0.11/turn                (no ring)

@: no status effects
A: no striking features
a: Convert to Beogh


You were on level 6 of the Dungeon.
You visited 2 branches of the dungeon, and saw 7 of its levels.

You collected 224 gold pieces.
You spent 172 gold pieces at shops.

Inventory:

Hand Weapons
 u - a +2 war axe of flaming (weapon)
Armour
 c - a +0 buckler (worn)
 l - a +1 plate armour (worn)
 r - a +0 cloak (worn)
Jewellery
 i - a +6 ring of intelligence
 j - an amulet of magic regeneration
Wands
 n - a wand of polymorph (7)
 p - a wand of digging (7)
Scrolls
 d - 2 scrolls of identify
 g - a scroll of butterflies
 m - 7 scrolls of teleportation
 o - a scroll of poison
 q - a scroll of amnesia
 t - a scroll of fear
Potions
 b - a potion of curing
 f - 2 potions of brilliance
 k - 3 potions of degeneration
 s - a potion of flight


   Skills:
 + Level 5.0 Fighting
 * Level 10.2 Axes
 + Level 5.3 Armour
 + Level 0.5 Dodging
 + Level 0.1 Stealth
 + Level 4.3 Shields


You had 7 spell levels left.
You didn't know any spells.
Your spell library contained the following spells:

 Spells                   Type           Power      Damage    Failure   Level
 Apportation              Tloc           0%         N/A       100%        1
 Necrotise                Necr           0%         1d4       100%        1
 Sting                    Tmut/Pois      0%         1d3       100%        1
 Summon Small Mammal      Summ           0%         N/A       100%        1
 Poisonous Vapours        Pois/Air       0%         N/A       100%        2
 Portal Projectile        Hex/Tloc       0%         N/A       100%        3
 Tukima's Dance           Hex            0%         N/A       100%        3
 Olgreb's Toxic Radiance  Pois           0%         N/A       100%        4
 Blade Hands              Tmut           0%         N/A       100%        5


Dungeon Overview and Level Annotations

Branches:
Dungeon (6/15)             Temple (1/1) D:4

Altars:
Cheibriados
Dithmenos
Fedhas
Hepliaklqana
Kikubaaqudgha
Makhleb
Nemelex Xobeh
Okawaru
Ru
Sif Muna
Trog
Uskayaw
Vehumet
Wu Jian
Zin
The Shining One

Shops:
D:2 (


Message History

The orc priest hits you but does no damage.
You hit the orc priest. You burn the orc priest.
The orc priest is lightly wounded.
You hit the orc warrior but do no damage.
The orc priest calls upon Beogh to heal the orc warrior.
The orc warrior is healed somewhat.
You block the orc warrior's attack.
You closely miss the orc priest.
The orc priest threatens, "By the altar or by the axe, you will meet Beogh!"
The orc priest is lightly wounded.
The orc priest shouts, "Beogh is our master!
Accept the truth or die!"
You hit the orc warrior but do no damage.
You block the orc priest's attack.
The orc warrior hits you but does no damage.
You slash the orc priest! You burn the orc priest.
The orc priest is almost dead.
You hit the orc warrior but do no damage.
The orc priest mumbles some strange prayers to Beogh against you.
Pain shoots through your body!
* * * LOW HITPOINT WARNING * * *
You block the orc warrior's attack.
You hit the orc priest but do no damage.
The orc priest is almost dead.
You hit the orc warrior but do no damage.
The orc warrior hits you with a +0 battleaxe!
* * * LOW HITPOINT WARNING * * *
The orc priest calls upon Beogh to heal the orc warrior.
The orc warrior is healed somewhat.
You hit the orc priest but do no damage.
The orc priest shouts, "Beogh is our master!
Accept the truth or die!"
The orc priest is almost dead.
You hit the orc warrior. You burn the orc warrior.
The orc priest shouts, "Beogh is our master!
Accept the truth or die!"
The orc priest hits you but does no damage.
The orc warrior hits you but does no damage.
You completely miss the orc priest.
The orc priest is almost dead.
You hit the orc warrior but do no damage.
The orc priest hits you but does no damage.
The orc warrior hits you with a +0 battleaxe!
You die...

#.#
#.............
#.#
####'#########
#.# #.#.. #.#
#.#.# #.#
#.#.# #.#
#.#.# #.#
#.#.#
#.######.#o#
#........@o#
########.#.#
#.### ...
##... #>###
#.# #.# #.#


You could see an orc warrior and an orc priest.

Vanquished Creatures
  A steam dragon (D:4)
  2 black bears (D:5)
  A centaur (D:5)
  A phantom (D:5)
  3 scorpions (D:5)
  A howler monkey (D:4)
  2 orc priests
  A jelly (D:5)
  2 iguanas
  2 orc wizards
  7 adders
  A white imp (D:5)
  8 worms
  2 dart slugs
  13 orcs
  5 ball pythons
  6 endoplasms
  2 giant cockroaches
  7 goblins
  10 hobgoblins
  4 jackals (D:1)
  6 kobolds
  4 quokkas
  8 bats
  2 frilled lizards (D:2)
  9 rats
110 creatures vanquished.

Notes
Turn   | Place    | Note
-------+----------+-------------------------------------------
     0 | D:1      | SensoryNuts the Hill Orc Fighter began the quest for the
                  | Orb.
     0 | D:1      | Reached XP level 1. HP: 19/19 MP: 1/1
    58 | D:1      | Reached skill level 3 in Axes
    58 | D:1      | Reached XP level 2. HP: 25/27 MP: 2/2
   239 | D:1      | Reached XP level 3. HP: 20/33 MP: 3/3
   501 | D:1      | Found a faded altar of an unknown god.
   905 | D:2      | Reached skill level 4 in Axes
  1085 | D:2      | Reached XP level 4. HP: 40/40 MP: 4/4
  1283 | D:2      | Found Byklieqy's Weapon Emporium.
  1757 | D:2      | Found the +8 Vampire's Tooth {vamp}
  2212 | D:3      | Reached skill level 5 in Axes
  2212 | D:3      | Reached XP level 5. HP: 45/46 MP: 5/5
  3090 | D:4      | Reached skill level 6 in Axes
  3657 | D:4      | Reached XP level 6. HP: 47/52 MP: 6/6
  3698 | D:4      | Found a blossoming altar of Fedhas.
  3734 | D:4      | Noticed a steam dragon
  3735 | D:4      | Found a hazy altar of Hepliaklqana.
  3772 | D:4      | Killed a steam dragon
  3773 | D:4      | Reached skill level 7 in Axes
  4156 | D:4      | Found a staircase to the Ecumenical Temple.
  4248 | Temple   | Entered the Ecumenical Temple
  4483 | D:5      | Entered Level 5 of the Dungeon
  4494 | D:5      | Reached skill level 8 in Axes
  4494 | D:5      | Reached XP level 7. HP: 35/60 MP: 7/7
  4844 | D:5      | Found a shadowy altar of Dithmenos.
  4892 | D:5      | Reached skill level 9 in Axes
  4892 | D:5      | Reached skill level 5 in Armour
  5222 | D:5      | Found a burning altar of Makhleb.
  5254 | D:5      | Reached XP level 8. HP: 64/67 MP: 8/8
  5514 | D:5      | Reached skill level 10 in Axes
  5731 | D:2      | Bought a +1 war axe of flaming for 172 gold pieces
  5925 | D:6      | Reached skill level 5 in Fighting
  5936 | D:6      | Slain by an orc warrior

Illustrated notes

Levels and vault maps discovered:
D:1:      dpeg_arrival_boxes_within_box, layout_rooms,
          hellmonk_ecumenical_altar_dog_temple, st_stairs_3
D:2:      layout_basic, serial_shops, shop, kennysheep_generic_room_4
D:3:      layout_basic
D:4:      layout_loops_ring, mainiacjoe_overflow_two_lobes, temple_doors_ab
D:5:      layout_cave_pools, bloody_makhleb, mainiacjoe_overflow_catwalk
D:6:      layout_basic, general_overflow_altar
Temple:   nicolae_temple_no_exploring_needed

Skill      XL: |  1  2  3  4  5  6  7  8 |
---------------+-------------------------+-----
Axes           | 3 4 5 6 8 9 10 | 10.2
Fighting       | 4 5 |  5.0
Armour         | 4 5 |  5.3
Shields        | 4 |  4.3
Dodging        | |  0.5
Stealth        | |  0.1

Action                   |  1- 3 |  4- 6 |  7- 9 || total
-------------------------+-------+-------+-------++-------
Melee: War axe           |   116 |   175 |    96 ||   387
  Use: Potion            |       |     7 |       ||     7
       Scroll            |       |     6 |     5 ||    11
Armor: Scale mail        |    59 |    52 |       ||   111
       Plate armour      |       |    31 |    97 ||   128
Dodge: Dodged            |    73 |    69 |    26 ||   168
Block: Buckler           |    32 |    37 |    28 ||    97

Table legend: (Time is in decaauts)
 A = Elapsed time spent in this place.
 B = Non-inter-level travel time spent in this place.
 C = Inter-level travel time spent in this place.
 D = Time resting spent in this place.
 E = Time spent auto-exploring this place.
 F = Levels seen in this place.
 G = Mean time per level.
                   A        B        C        D        E       F      G
               +--------+--------+--------+--------+--------+-----+--------+
         Total |   6034 |   5513 |    521 |    231 |   4307 |   7 |  862.0 |
       Dungeon |   6032 |   5511 |    521 |    231 |   4307 |   6 | 1005.3 |
        Temple |      1 |      1 |      0 |      0 |      0 |   1 |    1.0 |
               +--------+--------+--------+--------+--------+-----+--------+

Top non-repeatable levels by time:
     D:4: 1544 daAuts
     D:2: 1503 daAuts
     D:5: 1135 daAuts
     D:3: 1100 daAuts
     D:1: 694 daAuts
     D:6: 54 daAuts
  Temple: 1 daAuts
